 Dungeon Crawl Stone Soup version 0.23-a0-730-g0b75920 (webtiles) character file.

4001 Lanoc the Grappler (level 10, 0/100 HPs)
             Began as a Troll Monk on Jan 17, 2019.
             Was a High Priest of Wu Jian.
             Slain by an orange demon (6 damage)
             ... summoned by an orc high priest
             ... in a bailey.
             The game lasted 00:16:01 (5603 turns).

Lanoc the Grappler (Troll Monk)                     Turns: 5603, Time: 00:16:03

Health: 0/100      AC:  8    Str: 24    XL:     10   Next: 3%
Magic:  0/9        EV: 13    Int:  6    God:    Wu Jian [*****.]
Gold:   618        SH:  0    Dex: 12    Spells: 9/9 levels left

rFire    . . .     SeeInvis +     - Unarmed
rCold    . . .     Gourm    +   (no shield)
rNeg     + . .     Faith    .   E - +2 robe {MR+}
rPois    .         Spirit   +   (helmet restricted)
rElec    .         Reflect  .   k - +0 cloak
rCorr    .         Harm     .   (gloves unavailable)
MR       +....                  (boots unavailable)
Stlth    +.........             w - amulet of guardian spirit
HPRegen  0.66/turn              j - ring of positive energy
MPRegen  0.11/turn              A - ring of see invisible

@: drained
A: large, unfitting armour, claws 3, fast metabolism 3, gourmand, regeneration
1, shaggy fur 1, tough skin 2
a: Wall Jump, Serpent's Lash, Heavenly Storm, Renounce Religion


You were in a bailey.
You worshipped Wu Jian.
Wu Jian was extremely pleased with you.
You were completely stuffed.

You visited 2 branches of the dungeon, and saw 9 of its levels.
You also visited: Ossuary and Bailey.

You collected 618 gold pieces.

Inventory:

Armour
 k - a +0 cloak (worn)
 E - a +2 robe of magic resistance (worn)
Jewellery
 j - a ring of positive energy (left claw)
 w - an amulet of guardian spirit (around neck)
 A - a ring of see invisible (right claw)
Wands
 c - a wand of enslavement (8)
 n - a wand of random effects (20)
 p - a wand of polymorph (19)
 s - a wand of paralysis (7)
 C - a wand of acid (4)
 D - a wand of digging (3)
Scrolls
 d - 8 scrolls of identify
 e - 4 scrolls of fog
 g - a scroll of remove curse
 r - a scroll of teleportation
 y - a scroll of random uselessness
Potions
 a - a potion of haste
 l - 2 potions of curing {unknown}
 o - 2 potions of resistance {unknown}
 q - a potion of might {unknown}
 t - 2 potions of lignification {unknown}
 u - 2 potions of brilliance {unknown}
 v - 2 potions of degeneration {unknown}
 x - a potion of flight {unknown}
 z - a potion of ambrosia {unknown}
Comestibles
 b - 9 rations
 f - 18 chunks of flesh


   Skills:
 + Level 6.6(6.4) Fighting
 + Level 6.5(6.4) Dodging
 - Level 1.0(0.9) Stealth
 * Level 10.6(10.5) Unarmed Combat


You had 9 spell levels left.
You didn't know any spells.
Your spell library contained the following spells:

 Spells                   Type           Power        Failure   Level  Hunger
 Sandblast                Erth           #.....       45%         1    ##.....
 Passwall                 Tmut/Erth      #.......     58%         2    ###....
 Stone Arrow              Conj/Erth      #.....       83%         3    ####...
 Petrify                  Tmut/Erth      #.......     99%         4    #####..
 Lee's Rapid Deconstruct  Erth           #.........   100%        5    ######.


Dungeon Overview and Level Annotations

Branches:
Dungeon (8/15)             Temple (1/1) D:5            Lair (0/6) D:8

Altars:
Ashenzari
Cheibriados
Kikubaaqudgha
Okawaru
Sif Muna
Trog
Wu Jian
The Shining One


Innate Abilities, Weirdness & Mutations

You are too large for most types of armour.
You have claws for hands.
Your metabolism is lightning-fast.
You like to eat raw meat.
Your natural rate of healing is unusually fast.
You are covered in fur. (AC +1)
You have very tough skin. (AC +2)


Message History

Something smites you!
* * * LOW HITPOINT WARNING * * *
You claw the orc high priest!
The orc high priest is almost dead.
The orc high priest hits you with a +0 war axe.
* * * LOW HITPOINT WARNING * * *
The soul eater hits you.
* * * LOW HITPOINT WARNING * * *
You partially resist.
You feel drained.
The orc high priest utters an invocation to Beogh.
The orc high priest is healed somewhat.
Okay, then.
You spin and attack the chaos spawn repeatedly.
You claw the chaos spawn!
The chaos spawn is moderately wounded.
You barely miss the chaos spawn.
The chaos spawn is moderately wounded.
The chaos spawn hits you but does no damage.
The orange demon stings you from afar.
You die...

≈≈≈≈≈≈≈≈≈≈...≈≈≈≈≈≈≈≈≈≈
≈≈≈≈≈≈≈≈≈≈...≈≈≈≈≈≈≈≈≈≈
######≈≈≈≈...≈≈≈≈######
#...........#
#####'''#####
+.))..'..# +.....'..#
#..⌠..#..####
#.....#@....#
#.....#.448.#
#######.3...#
#######o8.# ..g.o..K33#
.g..K..38g# ._.o.g.5..+
.......#+## #######


You could see a soul eater, an orc high priest, a sun demon, an orange demon, a
kobold demonologist, a sixfirhy, a smoke demon, a chaos spawn (pinned) and a
gnoll.

Vanquished Creatures
  A slime creature (D:7)
  Eustachio (D:4)
  4 orc warriors
  An ice beast (D:7)
  A black bear (D:8)
  An ogre (D:7)
  A centaur (D:5)
  6 bullfrogs
  A water moccasin zombie (D:7)
  2 scorpions
  5 killer bees (D:8)
  5 wights (D:7)
  3 howler monkeys
  3 crimson imps
  A centaur zombie (D:7)
  3 hounds
  A human zombie (Ossuary)
  A centaur skeleton (D:5)
  8 orc priests
  Crazy Yiuf (D:2)
  10 jellies
  10 orc wizards
  An iguana (D:5)
  Ijyb (D:3)
  Natasha (D:3)
  Terence (D:2)
  6 worker ants
  3 big kobold zombies (Ossuary)
  2 hound skeletons
  2 mummies (Ossuary)
  A worker ant zombie (D:5)
  Robin (D:3)
  6 gnolls
  12 adders
  11 oozes (D:7)
  An adder zombie (D:7)
  4 worms
  2 dart slugs
  3 leopard geckos (D:4)
  47 orcs
  8 bats
  8 giant cockroaches
  5 gnoll zombies (Ossuary)
  11 goblins
  7 hobgoblins
  11 jackals
  3 quokkas
  A ball python (D:2)
  3 frilled lizards
  2 goblin zombies (Ossuary)
  A hobgoblin zombie (Ossuary)
  2 jackal skeletons
  2 kobolds
  A leopard gecko zombie (D:5)
  2 orc zombies (Ossuary)
  4 quokka skeletons
  4 rats
250 creatures vanquished.

Vanquished Creatures (others)
  7 fungi (D:7)
7 creatures vanquished.

Grand Total: 257 creatures vanquished

Notes
Turn   | Place    | Note
-------+----------+-------------------------------------------
     0 | D:1      | Lanoc the Troll Monk began the quest for the Orb.
     0 | D:1      | Reached XP level 1. HP: 22/22 MP: 0/0
   121 | D:1      | Reached XP level 2. HP: 28/29 MP: 1/1
   361 | D:2      | Found an ornate altar of the Wu Jian Council.
   370 | D:2      | Became a worshipper of the Wu Jian Council
   370 | D:2      | Reached * piety under Wu Jian
   370 | D:2      | Reached ** piety under Wu Jian
   379 | D:2      | Reached XP level 3. HP: 34/36 MP: 2/2
   437 | D:2      | Reached skill level 4 in Unarmed Combat
   450 | D:2      | Noticed Terence
   459 | D:2      | Killed Terence
   459 | D:2      | Reached XP level 4. HP: 24/44 MP: 3/3
   815 | D:2      | Found a runed door.
   819 | D:2      | Noticed Crazy Yiuf
   823 | D:2      | Killed Crazy Yiuf
  1178 | D:3      | Noticed Ijyb
  1189 | D:3      | Killed Ijyb
  1189 | D:3      | Reached XP level 5. HP: 49/53 MP: 4/4
  1219 | D:3      | Noticed Robin
  1227 | D:3      | Killed Robin
  1272 | D:3      | Reached skill level 5 in Unarmed Combat
  1393 | D:3      | Reached XP level 6. HP: 26/61 MP: 5/5
  1415 | D:3      | Reached *** piety under Wu Jian
  1605 | D:3      | Found a snail-covered altar of Cheibriados.
  1659 | D:3      | Noticed Natasha
  1669 | D:3      | Killed Natasha
  2093 | D:4      | Reached skill level 6 in Unarmed Combat
  2119 | D:4      | Reached XP level 7. HP: 68/68 MP: 6/6
  2351 | D:4      | Found an ancient bone altar of Kikubaaqudgha.
  2373 | D:4      | Noticed Eustachio
  2380 | D:4      | Killed Eustachio
  2769 | D:5      | Entered Level 5 of the Dungeon
  2770 | D:5      | Found a shattered altar of Ashenzari.
  2802 | D:5      | Reached **** piety under Wu Jian
  2802 | D:5      | Reached skill level 7 in Unarmed Combat
  2872 | D:5      | Reached XP level 8. HP: 61/79 MP: 7/7
  2957 | D:5      | Found a staircase to the Ecumenical Temple.
  2980 | Temple   | Entered the Ecumenical Temple
  3028 | D:5      | Found a bloodstained altar of Trog.
  3129 | D:5      | Found a glowing golden altar of the Shining One.
  3419 | D:5      | Reached skill level 5 in Fighting
  3424 | D:5      | Reached skill level 5 in Dodging
  3424 | D:5      | Reached skill level 8 in Unarmed Combat
  3979 | D:6      | Found an iron altar of Okawaru.
  4140 | D:7      | Reached XP level 9. HP: 88/88 MP: 8/8
  4145 | D:7      | Reached skill level 9 in Unarmed Combat
  4345 | D:7      | Found a deep blue altar of Sif Muna.
  4460 | D:7      | Reached ***** piety under Wu Jian
  4521 | D:7      | Found a sand-covered staircase.
  4530 | Ossuary  | Entered an ossuary
  5082 | D:7      | Reached skill level 10 in Unarmed Combat
  5383 | D:8      | Found a flagged portal.
  5512 | D:8      | Reached XP level 10. HP: 95/100 MP: 9/9
  5527 | Bailey   | Entered a bailey
  5577 | Bailey   | Found an iron altar of Okawaru.
  5577 | Bailey   | Noticed an orc high priest
  5578 | Bailey   | Found the +2 cloak of the Thief {+Fog Slay-2 SInv Stlth+}
  5589 | Bailey   | Noticed an orange demon
  5591 | Bailey   | Noticed a smoke demon
  5593 | Bailey   | Noticed a sun demon
  5595 | Bailey   | Noticed a sixfirhy
  5595 | Bailey   | Noticed a soul eater
  5601 | Bailey   | HP: 4/100 [soul eater[an orc high priest] (3)]
  5603 | Bailey   | Slain by an orange demon

Vault maps used:
D:1:      minmay_arrival_stair_chambers
D:2:      old_standard_altar, uniq_crazy_yiuf_cottage, uniq_terence
D:3:      lemuel_coloured_pillars_altar, first_ration, st_stairs_3,
          uniq_natasha, uniq_ijyb, uniq_robin
D:4:      kennysheep_mini, uniq_eustachio
D:5:      kennysheep_mini_moat, minmay_temple_entry_glass, basic_altar,
          st_stairs_9, bloody_trog
D:6:      okawaru_trees_2
D:7:      lemuel_slime, lemuel_blue_sif_altar, enter_ossuary_3
D:8:      david_lair_shrubbed, enter_bailey_6,
          eino_small_chamber_without_monster
Temple:   eino_temple_scatter_basement
Ossuary:  minmay_ossuary_gauntlet
Bailey:   bailey_axe_of_yendor_kennysheep, bailey

Skill      XL: |  1  2  3  4  5  6  7  8  9 |
---------------+----------------------------+-----
Unarmed Combat | 4 5 6 7 8 10 | 10.6
Dodging        | 3 4 5 6 |  6.5
Fighting       | 3 4 5 6 |  6.6
Stealth        | |  1.0

Action                   |  1- 3 |  4- 6 |  7- 9 | 10-12 || total
-------------------------+-------+-------+-------+-------++-------
Melee: Unarmed           |    73 |   161 |   419 |    27 ||   680
       Punch             |     1 |     3 |    10 |       ||    14
Invok: Lunge             |     4 |    15 |    44 |     2 ||    65
       Whirlwind         |       |     2 |    48 |     1 ||    51
  Use: Scroll            |       |       |    11 |       ||    11
       Potion            |       |       |     1 |     2 ||     3
 Stab: Sleeping          |     2 |     2 |     3 |       ||     7
  Eat: Chunk             |    10 |    15 |    31 |     1 ||    57
Armor: Robe              |    27 |    30 |    86 |     2 ||   145
       Skin              |       |     8 |       |       ||     8
Dodge: Dodged            |    35 |    47 |   171 |    14 ||   267

Table legend:
 A = Non-vault XP
 B = Vault XP
 C = Vault XP percentage of total XP
 D = Non-vault monster count
 E = Vault monster count
 F = Vault count percentage of total count
                 A         B        C        D         E       F
            +---------+---------+-------+---------+---------+-------
      Total |    4333 |    1383 |  24.2 |     191 |      59 |  23.6
            +---------+---------+-------+---------+---------+-------
        D:1 |      22 |       0 |   0.0 |      14 |       0 |   0.0
        D:2 |      74 |      76 |  50.7 |      18 |       2 |  10.0
        D:3 |     261 |     108 |  29.3 |      30 |      13 |  30.2
        D:4 |     412 |     191 |  31.7 |      31 |       1 |   3.1
        D:5 |     863 |      44 |   4.9 |      29 |       2 |   6.5
        D:6 |     712 |       0 |   0.0 |      21 |       0 |   0.0
        D:7 |    1215 |     637 |  34.4 |      30 |      19 |  38.8
        D:8 |     774 |       0 |   0.0 |      18 |       0 |   0.0
    Ossuary |       0 |     166 | 100.0 |       0 |      16 | 100.0
     Bailey |       0 |     161 | 100.0 |       0 |       6 | 100.0
            +---------+---------+-------+---------+---------+-------
